 Dungeon Crawl Stone Soup version 0.30-a0-576-g89cddaab80 (webtiles) character file.

Game seed: 13984263218972592262

1956 wormed the Skirmisher (level 8, -3/38 (42) HPs)
             Began as a Spriggan Hunter on Dec 31, 2022.
             Slain by a wight
             ... wielding a +3 great sword
              (5 damage)
             ... on level 8 of the Dungeon.
             The game lasted 00:08:28 (6438 turns).

wormed the Skirmisher (Spriggan Hunter)             Turns: 6438, Time: 00:08:29

HP:   -3/38 (42)    AC:  3    Str:  7    XL:     8   Next: 99%
MP:   9/9           EV: 22    Int: 11    God:
Gold: 520           SH:  0    Dex: 20    Spells: 7/7 levels left

rFire   . . .      SeeInvis +    a - +0 shortbow
rCold   . . .      Faith    .    (shield currently unavailable)
rNeg    . . .      Spirit   .    c - +1 robe
rPois   .          Reflect  .    (helmet restricted)
rElec   .          Harm     .    (no cloak)
rCorr   .          Rampage  .    (gloves unavailable)
Will    ++...                    (boots unavailable)
Stlth   ++++                     (no amulet)
HPRegen 0.26/turn                t - ring of willpower
MPRegen 0.11/turn                (no ring)

@: drained, very quick
A: very small, no large weapons, unfitting armour, see invisible, speed 3
a: no special abilities


You were on level 8 of the Dungeon.
You visited 2 branches of the dungeon, and saw 9 of its levels.

You collected 520 gold pieces.

Inventory:

Hand Weapons
 a - a +0 shortbow (weapon)
Armour
 c - a +1 robe (worn)
Jewellery
 q - a +6 ring of strength
 t - a ring of willpower (left hand)
 x - a ring of fire
 y - a ring of fire
 A - a ring of resist corrosion
Scrolls
 b - 3 scrolls of immolation
 e - 2 scrolls of identify
 f - 3 scrolls of blinking {unknown}
 g - 3 scrolls of fear {unknown}
 h - 3 scrolls of teleportation {unknown}
 k - a scroll of amnesia {unknown}
 l - 3 scrolls of enchant armour
 o - 3 scrolls of fog {unknown}
 p - a scroll of vulnerability {unknown}
 v - a scroll of magic mapping {unknown}
 w - a scroll of brand weapon {unknown}
Potions
 d - 3 potions of curing
 i - 3 potions of degeneration
 j - 2 potions of flight
 m - 2 potions of lignification {unknown}
 n - 2 potions of resistance {unknown}
 r - a potion of invisibility {unknown}
 s - a potion of brilliance {unknown}
 u - 2 potions of mutation {unknown}
 z - 2 potions of might {unknown}


   Skills:
 + Level 4.5 Fighting
 * Level 8.5 Ranged Weapons
 + Level 7.3 Dodging
 + Level 8.2 Stealth


You had 7 spell levels left.
You didn't know any spells.
Your spell library contained the following spells:

 Spells                   Type           Power      Damage    Failure   Level
 Ensorcelled Hibernation  Hex/Ice        0%         N/A       47%         2
 Inner Flame              Hex/Fire       0%         N/A       71%         3
 Ozocubu's Armour         Ice            0%         N/A       71%         3
 Spider Form              Tmut/Pois      0%         N/A       71%         3
 Anguish                  Hex/Necr       0%         N/A       98%         4
 Flame Wave               Conj/Fire      0%         2d4       98%         4
 Sticky Flame             Conj/Fire      0%         2d3       98%         4
 Ozocubu's Refrigeration  Ice            0%         4d7       100%        7


Dungeon Overview and Level Annotations

Branches:
Dungeon (8/15)             Temple (1/1) D:5
   Lair: D:8-11

Altars:
Ashenzari
Cheibriados
Dithmenos
Elyvilon
Fedhas
Gozag
Hepliaklqana
Kikubaaqudgha
Makhleb
Nemelex Xobeh
Qazlal
Ru
Trog
Uskayaw
Vehumet
Yredelemnul
Zin
The Shining One

Shops:
D:3 =   D:4 [

Annotations:
D:6 3 runed translucent doors, Darkkill's ghost, novice MiHu


Innate Abilities, Weirdness & Mutations

You are very small and have problems with some larger weapons.
You are too small for most types of armour.
You have supernaturally acute eyesight. (SInv)
You cover ground extremely quickly. (Speed+++)


Message History

You shoot an arrow. The arrow hits the two-headed ogre.
The two-headed ogre is severely wounded.
Found 5 poisoned darts.
You see here 5 poisoned darts.
Found a long sword.
A wight comes into view. It is wielding a +3 battleaxe.
A wight is nearby!
You shoot an arrow.
The arrow hits the wight but does no damage.
You shoot an arrow.
The arrow hits the wight but does no damage.
A wight comes into view. It is wielding a +3 great sword.
You shoot an arrow. The arrow barely misses the wight.
You shoot an arrow. The arrow closely misses the wight.
The arrow hits the wight but does no damage.
You shoot an arrow. The arrow hits the wight.
The wight is moderately damaged.
You shoot an arrow.
The arrow hits the wight but does no damage.
The wight is moderately damaged.
You shoot an arrow.
The arrow hits the wight but does no damage.
The wight is moderately damaged.
The wight misses you.
You shoot an arrow. The arrow hits the wight.
The wight is heavily damaged.
You shoot an arrow. The arrow closely misses the wight.
The wight misses you. The wight closely misses you.
You shoot an arrow. The arrow hits the wight.
The wight is severely damaged.
The wight barely misses you.
The wight hits you with a +3 great sword!
You shoot an arrow.
The arrow hits the wight but does no damage.
The wight is severely damaged.
The wight hits you with a +3 battleaxe!
You feel drained.
The wight hits you with a +3 great sword!!
* * * LOW HITPOINT WARNING * * *
You feel drained.
You die...

#######.####
#.# ###.#
#...# #.###
#.# #.#
...####z#
......z@#
.########


You could see 2 wights.

Vanquished Creatures
  2 water moccasins
  A black bear (D:6)
  2 sky beasts
  An orc warrior (D:7)
  An ice beast (D:5)
  2 centaurs
  An ogre (D:7)
  A phantom (D:6)
  A bullfrog (D:7)
  A necrophage (D:4)
  A scorpion (D:3)
  5 hounds
  2 orc priests (D:7)
  An iron imp (D:6)
  4 iguanas
  6 orc wizards
  4 gnolls (D:5)
  8 adders
  A shadow imp (D:7)
  2 white imps
  2 ufetubi (D:5)
  2 worms
  4 dart slugs
  27 orcs
  8 ball pythons
  8 endoplasms
  3 giant cockroaches
  6 goblins
  13 hobgoblins
  3 jackals (D:4)
  10 kobolds
  4 quokkas
  2 bats (D:2)
  7 frilled lizards
  5 rats
151 creatures vanquished.

Vanquished Creatures (others)
  2 fungi (D:6)
  5 plants
7 creatures vanquished.

Grand Total: 158 creatures vanquished

Notes
Turn   | Place    | Note
-------+----------+-------------------------------------------
     0 | D:1      | wormed the Spriggan Hunter began the quest for the Orb.
     0 | D:1      | Reached XP level 1. HP: 10/10 MP: 2/2
    75 | D:1      | Reached XP level 2. HP: 15/15 MP: 3/3
   567 | D:2      | Reached XP level 3. HP: 18/18 MP: 4/4
   676 | D:2      | Found a faded altar of an unknown god.
   699 | D:2      | Identified the +6 flail of Gozag's Hatred {drain, rElec rC+
                  | Int+7 Dex-5}
   820 | D:2      | Found an ancient bone altar of Kikubaaqudgha.
  1147 | D:2      | Reached XP level 4. HP: 23/23 MP: 5/5
  1505 | D:3      | Found a hide-covered altar of Uskayaw.
  1508 | D:3      | Found a hazy altar of Hepliaklqana.
  1511 | D:3      | Found a burning altar of Makhleb.
  1514 | D:3      | Found a glowing silver altar of Zin.
  1754 | D:3      | Found Dejuutif's Jewellery Shop.
  1889 | D:3      | Reached skill level 5 in Ranged Weapons
  1892 | D:3      | Reached XP level 5. HP: 21/26 MP: 6/6
  2023 | D:3      | Identified the +3 helmet of Limited Liability {Harm rPois
                  | MP-9 Int+6}
  2411 | D:3      | Reached XP level 6. HP: 31/31 MP: 7/7
  2553 | D:4      | Found Dochit's Armour Boutique.
  3184 | D:5      | Entered Level 5 of the Dungeon
  3184 | D:5      | Noticed an ice beast
  3198 | D:4      | Reached skill level 5 in Dodging
  3198 | D:4      | Reached skill level 5 in Stealth
  3309 | D:5      | Found a staircase to the Ecumenical Temple.
  3345 | Temple   | Entered the Ecumenical Temple
  3571 | D:5      | Killed an ice beast
  3572 | D:5      | Reached XP level 7. HP: 36/36 MP: 8/8
  3976 | D:5      | Identified the +5 ring mail of Youthful Indiscretion {rN+
                  | Int-2 Dex+4}
  4410 | D:6      | Reached XP level 8. HP: 30/42 MP: 9/9
  4589 | D:6      | Found a snail-covered altar of Cheibriados.
  4604 | D:6      | You fall into a shaft and drop 1 floor!
  4961 | D:6      | Found a runed translucent gate.
  4961 | D:6      | Found a runed translucent gate.
  4961 | D:6      | Found a runed translucent gate.
  4961 | D:6      | Noticed Darkkill's ghost (novice MiHu)
  6164 | D:8      | Noticed a two-headed ogre
  6438 | D:8      | HP: 2/40 [wight/+3 great sword (18)]
  6438 | D:8      | Slain by a wight

Illustrated notes

Levels and vault maps discovered:
D:1:      minmay_arrival_four_circles, layout_basic
D:2:      minmay_diamond_boxcup, layout_loops_ring,
          dreamdust_ecumenical_altar_statues, basic_altar, minivault_26,
          grunt_ministairs_2
D:3:      layout_basic, grunt_temple_overflow_cloverleaf, serial_shops,
          nicolae_shop_statue_plus
D:4:      layout_gridville, serial_shops, kennysheep_mini_moat
D:5:      layout_loops_ring, temple_green, serial_bayou_ford_a, st_stairs_10
D:6:      layout_basic, slow_altar_1, gammafunk_ghost_nasty_kobolds,
          minmay_quadrilaterals
D:7:      layout_cave_pools
D:8:      layout_loops_ring, kennysheep_path_1
Temple:   nicolae_temple_bog_church

Skill      XL: |  1  2  3  4  5  6  7  8 |
---------------+-------------------------+-----
Stealth        | 2 3 4 5 6 8 |  8.2
Dodging        | 3 4 5 6 7 |  7.3
Fighting       | 2 3 4 |  4.5
Ranged Weapons | 5 6 7 8 |  8.5

Action                   |  1- 3 |  4- 6 |  7- 9 || total
-------------------------+-------+-------+-------++-------
 Fire: Shortbow          |   115 |   196 |   292 ||   603
  Use: Scroll            |       |       |     5 ||     5
       Potion            |       |       |     2 ||     2
Armor: Robe              |     5 |     5 |    10 ||    20
Dodge: Dodged            |    33 |    97 |   182 ||   312

Table legend: (Time is in decaauts)
 A = Elapsed time spent in this place.
 B = Non-inter-level travel time spent in this place.
 C = Inter-level travel time spent in this place.
 D = Time resting spent in this place.
 E = Time spent auto-exploring this place.
 F = Levels seen in this place.
 G = Mean time per level.
                   A        B        C        D        E       F      G
               +--------+--------+--------+--------+--------+-----+--------+
         Total |   4684 |   4483 |    201 |      0 |   3243 |   9 |  520.4 |
       Dungeon |   4589 |   4388 |    201 |      0 |   3159 |   8 |  573.6 |
        Temple |     94 |     94 |      0 |      0 |     84 |   1 |   94.0 |
               +--------+--------+--------+--------+--------+-----+--------+

Top non-repeatable levels by time:
     D:6: 817 daAuts
     D:2: 658 daAuts
     D:4: 657 daAuts
     D:3: 606 daAuts
     D:5: 602 daAuts
     D:7: 471 daAuts
     D:1: 462 daAuts
     D:8: 312 daAuts
  Temple: 94 daAuts
